 Dungeon Crawl Stone Soup version 0.15-a0-1293-g4a08026 (webtiles) character file.

255 Quh the Agent of Entropy (level 5, 0/41 HPs)
             Began as a Demonspawn Abyssal Knight on June 6, 2014.
             Was a Priest of Lugonu.
             Killed by a spatial distortion (1 damage)
             ... on Level 3 of the Dungeon.
             The game lasted 00:22:46 (3819 turns).

Quh the Agent of Entropy (DsAK)                     Turns: 3819, Time: 00:22:46

HP   0/41        AC  9     Str 13      XL: 5   Next: 91%
MP   0/11        EV  7     Int 13      God: Lugonu [***...]
Gold 249         SH  3     Dex 13      Spells:  0 memorised,  4 levels left

rFire  . . .     SeeInvis .     a - +1 spear
rCold  + . .     Clarity  .     h - +0 scale mail
rNeg   . . .     rCorr    .     p - +0 buckler
rPois  .         rRot     .     (no helmet)
rElec  .         Spirit   +     (no cloak)
SustAb .         Warding  .     r - +1 pair of gloves
rMut   .         Stasis   .     (no boots)
Gourm  .                        (no amulet)
MR     .....                    (no ring)
                                (no ring)

@: not resistant to hostile enchantments, extremely unstealthy
A: icy blue scales 1, cold resistance 1, magic shield, magic regeneration
a: Depart the Abyss, Bend Space, Banish, Renounce Religion


You were on level 3 of the Dungeon.
You worshipped Lugonu.
Lugonu was most pleased with you.
You were not hungry.

You visited 1 branch of the dungeon, and saw 4 of its levels.
You visited the Abyss 1 time.

You collected 249 gold pieces.

Inventory:

Hand weapons
 a - a +1,+1 spear (weapon)
 n - a +2,+2 dagger of venom
 x - a +2,+0 vampiric dagger
Missiles
 e - 188 stones (quivered)
Armour
 b - a +0 leather armour
 h - a +0 scale mail (worn)
 p - a +0 buckler (worn)
 r - a +1 pair of gloves (worn)
Magical devices
 F - a wand of hasting (4)
Comestibles
 c - 2 bread rations
 q - 2 meat rations
 G - a chunk of goblin flesh
Scrolls
 d - 2 scrolls of remove curse {unknown}
 k - 3 scrolls of noise
 m - a scroll of enchant weapon I {unknown}
 o - a scroll of enchant weapon II {unknown}
 s - 2 scrolls of identify {unknown}
 v - 2 scrolls of teleportation {unknown}
 z - a scroll of fog {unknown}
 B - a scroll of blinking {unknown}
 C - a scroll of fear {unknown}
 D - a scroll of amnesia {unknown}
 E - a scroll of magic mapping {unknown}
Jewellery
 g - an uncursed amulet of guardian spirit {unknown}
 w - a +2 ring of strength {unknown}
Potions
 f - 6 potions of curing {unknown}
 i - 2 potions of heal wounds {unknown}
 j - a potion of resistance {unknown}
 l - 3 potions of might {unknown}
 t - a potion of restore abilities {unknown}
 u - a potion of agility
 A - 2 potions of berserk rage {unknown}
Miscellaneous
 y - a plain deck of war


   Skills:
 - Level 3.0 Fighting
 * Level 4.1 Polearms
 - Level 1.7 Armour
 - Level 0.8 Dodging
 * Level 6.0 Invocations


You had 4 spell levels left.
You didn't know any spells.

Dungeon Overview and Level Annotations

Branches:
Dungeon (4/15)
 Temple: D:4-7

Altars:
Elyvilon
Nemelex Xobeh
Qazlal
Vehumet

Annotations:
D:3 Crazy Yiuf


Innate Abilities, Weirdness & Mutations

You are partially covered in icy blue scales (AC +1).
Your flesh is cold resistant.
When hurt, damage is shared between your health and your magic reserves.
You regenerate magic rapidly.


Message History

The orc wizard hits you but does no damage.
You barely miss the orc wizard.
The orc wizard is heavily wounded.
The orc wizard hits you but does no damage.
You closely miss the orc wizard.
The orc wizard is heavily wounded.
The orc wizard hits you with a hand axe.
* * * LOW HITPOINT WARNING * * *
You closely miss the orc wizard.
The orc wizard is heavily wounded.
The orc wizard casts a spell at you. The magic dart hits you!
* * * LOW HITPOINT WARNING * * *
The quokka bites you.
* * * LOW HITPOINT WARNING * * *
The orc wizard hits you but does no damage.
You don't know any spells.
Use which ability? (? or * to list) Space bends sharply around you!
The quokka blinks!
You blink.
You die...

######## ##############
#........ #>...........
....[.... #.###.......#
#........
#.###..####.#########r.......
#................o§§.........
###.#.........)...#############
#.....#..##...@.).#########
#.....#.........#.........#
#........##..((...........#
#####..<..(.((#.#.(.......#
###.##.####...........[.#
#......# #(............#
#......# #.............#
#......####.............#
#.........).............#


You could see an orc wizard.

Vanquished Creatures
  A scorpion (D:3)
  Terence (D:3)
  4 gnolls
  3 adders
  A worm (D:4)
  An adder skeleton (D:4)
  2 giant geckos
  An ooze (D:2)
  6 orcs (D:3)
  6 giant cockroaches
  10 hobgoblins
  11 kobolds
  2 ball pythons
  12 bats
  6 giant newts
  11 goblins
  2 jackals (D:4)
  2 quokkas
  11 rats
93 creatures vanquished.

Vanquished Creatures (others)
  Natasha (D:4)
1 creature vanquished.

Grand Total: 94 creatures vanquished

Notes
Turn   | Place    | Note
--------------------------------------------------------------
     0 | Abyss:1  | Quh, the Demonspawn Abyssal Knight, began the quest for the Orb.
     0 | Abyss:1  | Reached XP level 1. HP: 18/18 MP: 1/1
    82 | Abyss:1  | Noticed a large abomination
    87 | Abyss:1  | Noticed a hell hound
    92 | D:1      | Escaped the Abyss
   235 | D:1      | Gained mutation: When hurt, damage is shared between your health and your magic reserves. [demonic ancestry]
   235 | D:1      | Reached XP level 2. HP: 13/24 MP: 2/2
   285 | D:1      | Acquired Lugonu's first power
   929 | D:2      | Gained mutation: You are partially covered in icy blue scales (AC +1). [demonic ancestry]
   929 | D:2      | Reached XP level 3. HP: 29/29 MP: 5/5
  1131 | D:2      | Found a stormy altar of Qazlal.
  1202 | D:2      | Acquired Lugonu's second power
  1291 | D:2      | Reached skill level 4 in Invocations
  1293 | D:2      | Gained mutation: You regenerate magic rapidly. [demonic ancestry]
  1293 | D:2      | Reached XP level 4. HP: 27/35 MP: 4/7
  1637 | D:2      | Found a white marble altar of Elyvilon.
  1753 | D:2      | Found a radiant altar of Vehumet.
  2046 | D:3      | Noticed Crazy Yiuf
  2453 | D:4      | Found a sparkling altar of Nemelex Xobeh.
  2759 | D:4      | Reached skill level 5 in Invocations
  2790 | D:4      | Noticed Natasha
  2796 | D:4      | Killed Natasha
  2796 | D:4      | Gained mutation: Your flesh is cold resistant. [demonic ancestry]
  2796 | D:4      | Reached XP level 5. HP: 41/41 MP: 10/10
  3272 | D:3      | Acquired Lugonu's third power
  3351 | D:3      | Noticed Terence
  3450 | D:3      | Killed Terence
  3715 | D:3      | Reached skill level 6 in Invocations
  3818 | D:3      | HP: 2/41 [orc wizard/magic dart (4)]
  3819 | D:3      | Killed by a spatial distortion

Action                   |  1- 3 |  4- 6 || total
-------------------------+-------+-------++-------
Melee: Spear             |   133 |   299 ||   432
Throw: Stone             |    47 |    28 ||    75
Invok: Depart the Abyss  |     1 |       ||     1
       Bend Space        |       |     1 ||     1
  Use: Scroll            |       |     1 ||     1
